Map: Ruins of Endion

Players

ZertoN

  • Race: Terran Terran
  • League: Master

ThisGameSuck - Winner!

  • Race: Protoss Protoss
  • League: Grandmaster

VOD

Have the link to the VOD?

Description

Time

  • Played on: June 29, 2016, 2:51 p.m.
  • Length: 11:12
Show
View Real Time Build Order
Export as new Build Order

ZertoN Terran 

Build Orders: Reaper Expand, MMM Bio 

Get SALT Encoding   

  12  0:00  SCV  
  13  0:12  SCV  
  14  0:18  Supply Depot  
  14  0:25  SCV  
  15  0:39  SCV  
  15  0:40  Barracks  
  16  0:43  Refinery  
  16  0:51  SCV  
  17  1:03  SCV  
  18  1:15  SCV  
  19  1:28  Reaper, Orbital Command  
  20  1:40  Command Center  
  20  1:48  Supply Depot  
  20  1:54  SCV  
  21  2:00  Barracks Reactor  
  21  2:05  Barracks  
  21  2:10  SCV  
  22  2:23  Factory, SCV  
  22  2:26  Refinery  
  23  2:35  SCV  
  24  2:37  Marine x2  
  26  2:47  SCV  
  27  2:53  Orbital Command  
  27  2:55  Marine x2  
  27  2:56  Barracks Tech Lab  
  28  3:00  SCV  
  29  3:08  Starport  
  29  3:12  Widow Mine  
  31  3:15  SCV  
  31  3:19  Marine x2  
  34  3:24  SCV  
  34  3:27  SCV  
  36  3:28  Marine  
  37  3:36  Stimpack  
  37  3:37  Marine x2  
  37  3:39  SCV  
  37  3:40  SCV  
  41  3:46  Medivac  
  41  3:47  Widow Mine  
  45  3:54  Supply Depot  
  45  3:55  Marine  
  46  4:00  Liberator  
  46  4:16  Marine x3, SCV x2  
  51  4:17  Factory Tech Lab  
  51  4:18  Supply Depot  
  54  4:31  Engineering Bay  
  54  4:40  SCV x2  
  54  4:42  Marine x3  
  57  4:51  Siege Tank  
  57  4:52  SCV x2  
  60  4:57  Supply Depot  
  60  5:00  Supply Depot  
  60  5:02  Command Center  
  60  5:06  SCV x2  
  62  5:09  Starport Reactor  
  62  5:18  Terran Infantry Weapons Level 1  
  62  5:19  Supply Depot, Marine x3, SCV x2  
  67  5:28  Supply Depot  
  67  5:31  SCV x2  
  69  5:36  Marine x2  
  69  5:42  Barracks  
  71  5:43  SCV x2  
  71  5:44  Marine, Combat Shields  
  71  5:52  Medivac  
  71  5:56  Supply Depot  
  73  5:58  Refinery, SCV x2  
  73  5:59  Refinery  
  73  6:03  Missile Turret  
  75  6:10  SCV x2  
  77  6:12  Marine x2  
  74  6:25  Medivac x2, Marauder  
  73  6:28  SCV  
  73  6:29  SCV, Orbital Command  
  73  6:31  Supply Depot  
  75  6:33  Barracks x2  
  75  6:34  Marine x2  
  75  6:37  Marauder  
  79  6:40  SCV  
  79  6:41  SCV  
  81  6:48  Liberator  
  81  6:49  Marauder  
  81  6:50  Concussive Shells  
  81  6:53  Marine x2, SCV x2  
  87  6:54  Liberator  
  87  6:59  Marauder, Orbital Command  
  89  7:05  SCV x2  
  94  7:10  Marine x3  
  100  7:19  Marine  
  100  7:20  SCV  
  100  7:22  Barracks Tech Lab  
  102  7:23  Barracks Reactor  
  102  7:26  SCV x2  
  102  7:27  Supply Depot  
  104  7:30  Supply Depot, Refinery, Marine  
  104  7:31  Marauder  
  104  7:32  SCV  
  104  7:34  Liberator  
  108  7:38  SCV x2  
  108  7:43  Marine, Marauder  
  108  7:44  SCV  
  114  7:48  Marine, Marauder  
  120  7:53  Refinery, Marauder, SCV x2  
  120  7:56  Supply Depot  
  120  7:57  Supply Depot  
  124  8:01  Marine  
  119  8:07  SCV x2  
  119  8:08  SCV  
  121  8:19  SCV x2  
  120  8:20  SCV  
  120  8:22  Liberator x2  
  120  8:23  Marine x2  
  116  8:31  Marine, SCV x2  
  116  8:32  Marauder x2, SCV  
  124  8:37  Marine, Marauder  
  124  8:40  Marine  
  131  8:43  SCV x2  
  131  8:46  SCV  
  134  8:51  Terran Infantry Armor Level 1  
  134  8:52  Starport  
  134  8:53  Marauder, Fusion Core  
  134  8:55  SCV x2, Missile Turret  
  138  8:57  Supply Depot  
  138  8:59  Missile Turret  
  138  9:01  Missile Turret x2  
  138  9:02  Missile Turret  
  138  9:05  Liberator x2  
  138  9:09  Marine x2, Marauder x2  
  143  9:16  Marine x3  
  147  9:21  Supply Depot x2  
  147  9:22  Supply Depot  
  153  9:29  Marine, Starport Tech Lab  
  153  9:30  Marine x3  
  157  9:33  Barracks  
  157  9:34  Barracks  
  157  9:36  Barracks  
  157  9:41  Marine, Liberator  
  157  9:47  Sensor Tower  
  157  9:54  Marine x6  
  166  10:01  Command Center  
  166  10:03  Supply Depot  
  166  10:05  Supply Depot  
  166  10:12  Marauder x2  
  160  10:25  Marine x4  
  160  10:26  Marauder  
  161  10:30  Orbital Command  
  161  10:34  Marauder  
  152  10:38  Marine  
  152  10:39  Marine  
  147  10:42  Marine  
  147  10:43  Marine  
  147  10:47  Marauder  
  147  10:48  Marine x2  
  144  10:56  Barracks  
  149  10:57  Barracks  
Show
View Real Time Build Order
Export as new Build Order

ThisGameSuck Protoss - Winner!

Build Orders: 1 Gate Expand, Blink Stalkers 

Get SALT Encoding   

  12  0:01  Probe (Chrono Boost)  
  13  0:11  Probe (Chrono Boost)  
  14  0:17  Pylon  
  14  0:22  Probe (Chrono Boost)  
  15  0:36  Probe (Chrono Boost)  
  15  0:37  Gateway  
  16  0:46  Probe (Chrono Boost)  
  16  0:47  Assimilator  
  18  0:57  Probe (Chrono Boost)  
  18  1:07  Probe (Chrono Boost)  
  19  1:19  Nexus  
  19  1:28  Cybernetics Core  
  19  1:33  Probe (Chrono Boost)  
  20  1:40  Assimilator  
  20  1:44  Probe (Chrono Boost)  
  21  1:48  Pylon  
  21  1:54  Probe (Chrono Boost)  
  22  2:07  Mothership Core (Chrono Boost)  
  24  2:10  Adept  
  26  2:19  Warp Gate  
  26  2:25  Probe (Chrono Boost)  
  27  2:31  Probe (Chrono Boost)  
  27  2:35  Probe (Chrono Boost)  
  29  2:42  Probe (Chrono Boost)  
  29  2:43  Robotics Facility  
  30  2:46  Probe (Chrono Boost)  
  31  2:52  Probe (Chrono Boost)  
  31  2:56  Probe (Chrono Boost)  
  33  3:00  Twilight Council  
  33  3:03  Probe (Chrono Boost)  
  34  3:07  Probe (Chrono Boost)  
  34  3:11  Gateway  
  35  3:13  Probe (Chrono Boost)  
  35  3:18  Probe (Chrono Boost)  
  37  3:20  Gateway  
  37  3:24  Probe (Chrono Boost)  
  38  3:29  Probe (Chrono Boost)  
  38  3:33  Observer (Chrono Boost), Probe (Chrono Boost)  
  40  3:37  Blink (Chrono Boost)  
  40  3:40  Assimilator, Probe  
  42  3:43  Pylon, Probe  
  43  3:52  Observer (Chrono Boost), Probe  
  43  3:54  Probe  
  46  3:56  Pylon  
  46  3:58  Pylon  
  46  4:04  Probe  
  46  4:06  Probe  
  48  4:10  Observer  
  48  4:16  Probe  
  50  4:18  Probe  
  51  4:24  Stalker x2  
  51  4:25  Stalker  
  51  4:28  Probe  
  51  4:30  Probe  
  59  4:41  Probe  
  59  4:42  Probe  
  60  4:51  Nexus  
  60  4:52  Observer  
  60  4:53  Probe  
  60  4:54  Probe  
  60  4:56  Stalker x2  
  67  5:01  Pylon  
  67  5:02  Stalker  
  67  5:05  Probe  
  70  5:10  Assimilator  
  70  5:14  Warp Prism  
  70  5:15  Pylon  
  70  5:19  Probe  
  73  5:27  Stalker x2  
  77  5:29  Probe (Chrono Boost)  
  77  5:31  Pylon  
  77  5:34  Probe (Chrono Boost)  
  79  5:38  Forge  
  79  5:39  Forge  
  79  5:41  Probe (Chrono Boost)  
  80  5:47  Probe (Chrono Boost)  
  79  5:51  Probe (Chrono Boost)  
  79  5:56  Immortal  
  80  5:57  Probe (Chrono Boost)  
  80  5:59  Resonating Glaives (Chrono Boost)  
  80  6:02  Probe  
  86  6:05  Stalker  
  86  6:09  Probe  
  89  6:26  Protoss Ground Weapons Level 1 (Chrono Boost), Protoss Ground Armor Level 1 (Chrono Boost)  
  89  6:30  Immortal, Probe x2  
  89  6:32  Probe  
  92  6:33  Assimilator  
  92  6:35  Gateway, Assimilator  
  92  6:37  Gateway  
  96  6:43  Probe  
  96  6:45  Probe  
  98  6:47  Gateway  
  98  6:49  Probe  
  98  6:50  Gateway  
  98  6:52  Pylon  
  99  6:55  Probe  
  99  6:57  Probe  
  99  6:59  Templar Archives  
  101  7:01  Probe  
  101  7:03  Gateway  
  101  7:05  Gateway  
  101  7:07  Probe  
  103  7:09  Probe  
  103  7:15  Adept x3  
  111  7:19  Immortal  
  110  7:24  Probe  
  110  7:25  Pylon  
  110  7:29  Pylon  
  114  7:33  Pylon  
  114  7:35  Pylon  
  114  7:37  Adept  
  116  7:39  Psionic Storm  
  116  7:55  Protoss Ground Armor Level 2, Protoss Ground Weapons Level 2  
  120  7:58  Immortal  
  120  7:59  Stalker x5  
  120  8:00  Stalker x2  
  120  8:03  Pylon  
  134  8:06  Pylon  
  120  8:39  Probe x3  
  123  8:43  Immortal (Chrono Boost)  
  123  8:45  High Templar x5  
  137  8:48  Photon Cannon  
  137  8:49  Photon Cannon  
  137  8:50  Pylon  
  137  8:51  Probe  
  137  8:54  Sentry  
  140  8:57  Adept  
  142  9:03  Gateway  
  142  9:04  Gateway  
  142  9:06  Adept x2, Pylon  
  142  9:08  Pylon  
  146  9:11  Pylon  
  146  9:17  Nexus  
  146  9:19  Adept x4  
  146  9:20  Adept  
  156  9:26  Warp Prism (Chrono Boost)  
  156  9:27  Adept  
  160  9:32  High Templar  
  160  9:34  High Templar  
  160  9:36  High Templar  
  166  9:48  Dark Shrine, Pylon  
  166  9:51  Pylon  
  166  9:55  Stargate  
  166  10:03  Adept x6  
  178  10:07  Warp Prism (Chrono Boost)  
  174  10:48  Adept x9  
  186  11:06  Archon x2  
  186  11:10  Stalker x6  
  186  11:11  Stalker x4  
Tags
 
Add a new tag
Caveats
  • Supply blocks, unpowered buildings, or Contaminate may cause inaccurate times.
  • Supply counts are checked every 10 seconds.